 Dungeon Crawl Stone Soup version 0.28-a0-915-gcd63401287 (webtiles) character file.

Game seed: 16434887235300176051

39 vineage the Skirmisher (level 3, -9/25 HPs)
             Began as a Gargoyle Fighter on Nov 25, 2021.
             Killed by divine providence
             ... invoked by an orc priest
              (12 damage)
             ... on level 2 of the Dungeon.
             The game lasted 00:01:19 (1488 turns).

vineage the Skirmisher (Gargoyle Fighter)           Turns: 1488, Time: 00:01:19

Health: -9/25      AC: 10    Str: 19    XL:     3   Next: 45%
Magic:  3/3        EV:  9    Int:  8    God:
Gold:   56         SH:  4    Dex: 10    Spells: 2/2 levels left

rFire   . . .      SeeInvis .   a - +0 flail
rCold   . . .      Faith    .   c - +0 buckler
rNeg    + . .      Spirit   .   b - +0 scale mail
rPois   ∞          Reflect  .   (no helmet)
rElec   +          Harm     .   (no cloak)
rCorr   .          Rampage  .   (no gloves)
Will    .....                   (no boots)
Stlth   ..........              (no amulet)
HPRegen 0.08/turn               (no ring)
MPRegen 0.08/turn               (no ring)

@: no status effects
A: sickness immunity, AC +3, negative energy resistance 1, electricity
resistance, torment resistance 1, petrification resistance
a: no special abilities


You were on level 2 of the Dungeon.
You visited 1 branch of the dungeon, and saw 2 of its levels.

You collected 56 gold pieces.

Inventory:

Hand Weapons
 a - a +0 flail (weapon)
Armour
 b - a +0 scale mail (worn)
 c - a +0 buckler (worn)
Jewellery
 i - a +6 ring of intelligence
Scrolls
 e - a scroll of noise {unknown}
 g - 3 scrolls of identify {unknown}
 h - 3 scrolls of teleportation {unknown}
Potions
 d - a potion of might
 f - a potion of curing {unknown}
 j - 2 potions of mutation {unknown}


   Skills:
 + Level 4.9 Fighting
 - Level 2.0 Maces & Flails
 - Level 3.2 Armour
 - Level 3.2 Shields


You had 2 spell levels left.
You didn't know any spells.
Your spell library was empty.

Dungeon Overview and Level Annotations

Branches:
Dungeon (2/15)

Altars:


Innate Abilities, Weirdness & Mutations

You are immune to sickness and miasma.
Your stone body is resilient. (AC +3)
You are immune to poison.
You resist negative energy. (rN+)
You are resistant to electric shocks. (rElec)
You are resistant to unholy torment.
You are immune to petrification.


Message History

The adder is heavily wounded.
The adder bites you but does no damage. The adder completely misses you.
You sock the adder!
You kill the adder!
No target in view!
No target in view!
No target in view!
No target in view!
No target in view!
No target in view!
No target in view!
No target in view!
i - a +6 ring of intelligence You now have 42 gold pieces (gained 13).
You now have 56 gold pieces (gained 14).
A rat comes into view.
A rat is nearby!
A rat is nearby!
You sock the rat!
You kill the rat!
j - 2 fuming inky potions A kobold and an orc priest come into view.
The orc priest shouts!
The kobold shouts!
You hear a shout!
The kobold moves out of view.
An orc priest is nearby!
An orc priest is nearby! 3 orcs and an orc wizard come into view.
Found an escape hatch in the ceiling.
The orc shouts!
The orc wizard shouts!
The orc shouts! x2
The orc priest calls down the wrath of Beogh upon you.
Beogh smites you!
Ouch! That really hurt!
An orc priest is nearby!
The orc priest mumbles some strange prayers to Beogh against you.
Beogh smites you!
* * * LOW HITPOINT WARNING * * *
You open the door.
The orc priest invokes the aid of Beogh against you.
Beogh smites you!
You die...

..#..#####.######.#.....##.#.
..............................
.#.#########.########.....#.#.
.[....÷..#...........#.## .
##.......#.###########.## #......
#...................#.## #.o....
#..........#..#####.#.##
#......##...^...#..#..#...#.#...
#..............@'.....#.#.#.#...
#...K..##.......####.#....#.#...
#...o.. #.......#....#..#.#.#...
#......##oo.....#.......###.#...
..........K.................#...
#.########.......#####.#######...
..# ######### #............ ..#
#.########... .## ##.# #......


You could see an orc priest, an orc and a kobold.

Vanquished Creatures
  An adder (D:2)
  A dart slug (D:1)
  A ball python (D:2)
  2 endoplasms (D:1)
  4 goblins
  3 hobgoblins (D:1)
  2 jackals (D:2)
  2 quokkas
  3 bats
  2 frilled lizards
  3 kobolds (D:1)
  2 rats
26 creatures vanquished.

Notes
Turn   | Place    | Note
-------+----------+-------------------------------------------
     0 | D:1      | vineage the Gargoyle Fighter began the quest for the Orb.
     0 | D:1      | Reached XP level 1. HP: 14/14 MP: 1/1
   581 | D:1      | Reached XP level 2. HP: 20/20 MP: 2/2
   591 | D:1      | Reached skill level 4 in Fighting
  1239 | D:2      | Reached XP level 3. HP: 24/24 MP: 3/3
  1488 | D:2      | Killed from afar by an orc priest

Illustrated notes

Levels and vault maps discovered:
D:1:      dpeg_arrival_boxorama, layout_rooms
D:2:      layout_basic, minivault_19, uniq_terence

Skill      XL: |  1  2 |
---------------+-------+-----
Fighting       | 4 |  4.9
Maces & Flails | |  2.0
Armour         | |  3.2
Shields        | |  3.2

Action                   || total
-------------------------++-------
Melee: Flail             ||    69
Armor: Scale mail        ||    40
Dodge: Dodged            ||    46
Block: Buckler           ||    10

Table legend: (Time is in decaauts)
 A = Elapsed time spent in this place.
 B = Non-inter-level travel time spent in this place.
 C = Inter-level travel time spent in this place.
 D = Time resting spent in this place.
 E = Time spent auto-exploring this place.
 F = Levels seen in this place.
 G = Mean time per level.
                   A        B        C        D        E       F      G
               +--------+--------+--------+--------+--------+-----+--------+
         Total |   1510 |   1487 |     23 |      0 |   1282 |   2 |  755.0 |
       Dungeon |   1510 |   1487 |     23 |      0 |   1282 |   2 |  755.0 |
               +--------+--------+--------+--------+--------+-----+--------+

Top non-repeatable levels by time:
     D:1: 963 daAuts
     D:2: 547 daAuts
